 Dungeon Crawl Stone Soup version 0.27-a0-1590-g15f69828bf (webtiles) character file.

Game seed: 15880808820129260283

140 duskshroud the Cudgeller (level 5, -3/32 HPs)
             Began as a Gargoyle Berserker on July 19, 2021.
             Was a Believer of Trog.
             Slain by Grinder (6 damage)
             ... on level 3 of the Dungeon.
             The game lasted 00:05:16 (2511 turns).

duskshroud the Cudgeller (Gargoyle Berserker)       Turns: 2511, Time: 00:05:16

Health: -3/32      AC:  6    Str: 20    XL:     5   Next: 22%
Magic:  5/5        EV: 11    Int:  8    God:    Trog [**....]
Gold:   62         SH:  0    Dex: 10    Spells: 4/4 levels left

rFire    . . .     SeeInvis .   a - +0 mace
rCold    . . .     Faith    .   (no shield)
rNeg     + . .     Spirit   .   b - +0 animal skin
rPois    ∞         Reflect  .   (no helmet)
rElec    +         Harm     .   (no cloak)
rCorr    .         Rampage  .   (no gloves)
Will     .....                  (no boots)
Stlth    +.........             (no amulet)
HPRegen  0.10/turn              (no ring)
MPRegen  0.09/turn              (no ring)

@: on berserk cooldown, slowed, very slow
A: sickness immunity, AC +4, negative energy resistance 1, electricity
resistance, torment resistance 1, petrification resistance
a: Renounce Religion, Berserk, Trog's Hand


You were on level 3 of the Dungeon.
You worshipped Trog.
Trog was pleased with you.
You visited 1 branch of the dungeon, and saw 3 of its levels.

You collected 62 gold pieces.

Inventory:

Hand Weapons
 a - a +0 mace (weapon)
Missiles
 c - 18 poisoned darts (quivered)
 h - 8 curare-tipped darts
Armour
 b - a +0 animal skin (worn)
Wands
 i - a wand of flame (10)
Scrolls
 d - a scroll of fog {unknown}
 f - a scroll of blinking {unknown}
 g - 2 scrolls of teleportation {unknown}
 l - a scroll of identify {unknown}
Potions
 e - 2 potions of degeneration {unknown}
 j - a potion of brilliance {unknown}
 k - 3 potions of curing {unknown}


   Skills:
 - Level 3.2 Fighting
 * Level 5.1 Maces & Flails
 + Level 2.0 Throwing
 - Level 2.1 Armour
 - Level 1.5 Dodging


You had 4 spell levels left.
You didn't know any spells.
Your spell library was empty.

Dungeon Overview and Level Annotations

Branches:
Dungeon (3/15)

Altars:

Annotations:
D:3 2 transporters, Demosthentine's ghost, weakling MfGl; Grinder


Innate Abilities, Weirdness & Mutations

You are immune to sickness and miasma.
Your stone body is resilient. (AC +4)
You are immune to poison.
You resist negative energy. (rN+)
You are resistant to electric shocks. (rElec)
You are resistant to unholy torment.
You are immune to petrification.


Message History

A red film seems to cover your vision as you go berserk!
You feel yourself moving faster!
You feel mighty! Grinder barely misses you.
You hit Grinder.
Grinder is lightly wounded.
You closely miss Grinder.
Grinder is lightly wounded.
Grinder completely misses you.
You barely miss Grinder.
Grinder is lightly wounded.
Grinder blinks!
Grinder gestures at you.
You suddenly lose the ability to move!
Grinder hits you but does no damage. Grinder hits you.
Grinder hits you but does no damage.
You are no longer berserk.
You feel yourself slow down. Grinder hits you but does no damage.
Grinder hits you but does no damage.
You can move again.
You barely miss Grinder.
Grinder is lightly wounded.
Grinder hits you.
You writhe in agony.
You closely miss Grinder.
Grinder is lightly wounded.
Grinder closely misses you. Grinder hits you.
You writhe in agony.
You hit Grinder.
Grinder is lightly wounded.
Grinder hits you but does no damage. Grinder hits you.
* * * LOW HITPOINT WARNING * * *
You writhe in agony.
* * * LOW HITPOINT WARNING * * *
You barely miss Grinder.
Grinder is lightly wounded.
Grinder hits you but does no damage.
You closely miss Grinder.
Grinder is lightly wounded.
Grinder hits you.
* * * LOW HITPOINT WARNING * * *
Grinder hits you.
You die...

.#.....#############.#
#####.# #.# #.# #.#
#.# #.#. #.# ##'##
#.#####.# #....
.....#†######## #....
#........... #....
#.5@........ #....
#........... #....
#.<......... #)...
#.#########+ ####. #.
.. #. #. ... #. #
..##. ####.. ..W#..


You could see Grinder.

Vanquished Creatures
  4 gnolls (D:2)
  5 adders
  3 dart slugs
  A worm (D:2)
  An orc (D:3)
  5 ball pythons
  2 bats
  2 endoplasms (D:2)
  A giant cockroach (D:1)
  4 goblins (D:1)
  7 hobgoblins
  4 kobolds
  3 quokkas
  A frilled lizard (D:1)
  5 rats
48 creatures vanquished.

Notes
Turn   | Place    | Note
-------+----------+-------------------------------------------
     0 | D:1      | duskshroud the Gargoyle Berserker began the quest for the
                  | Orb.
     0 | D:1      | Reached XP level 1. HP: 14/14 MP: 1/1
   169 | D:1      | Reached XP level 2. HP: 17/19 MP: 2/2
   781 | D:1      | Reached XP level 3. HP: 20/23 MP: 3/3
   858 | D:2      | Reached ** piety under Trog
   859 | D:2      | Reached skill level 4 in Maces & Flails
   859 | D:2      | Reached skill level 1 in Throwing
  1456 | D:2      | Reached XP level 4. HP: 28/28 MP: 4/4
  1943 | D:2      | Reached skill level 5 in Maces & Flails
  1943 | D:2      | Reached XP level 5. HP: 17/32 MP: 5/5
  2410 | D:3      | Found a transporter.
  2412 | D:3      | Noticed Demosthentine's ghost (weakling MfGl)
  2414 | D:3      | Noticed an ogre
  2414 | D:3      | Noticed an ogre
  2416 | D:3      | Found a transporter.
  2492 | D:3      | Noticed Grinder
  2500 | D:3      | Paralysed by Grinder for 6 turns
  2511 | D:3      | Slain by Grinder

Illustrated notes

Levels and vault maps discovered:
D:1:      heliophobic_arrival_enchanted_forest, layout_basic
D:2:      minmay_evil_eye, layout_basic
D:3:      layout_basic, gammafunk_ghost_smash, uniq_grinder

Skill      XL: |  1  2  3  4  5 |
---------------+----------------+-----
Maces & Flails | 4 5 |  5.1
Throwing       | 1 2 |  2.0
Fighting       | |  3.2
Armour         | |  2.1
Dodging        | |  1.5

Action                   |  1- 3 |  4- 6 || total
-------------------------+-------+-------++-------
Melee: Mace              |   100 |    74 ||   174
Throw: Dart              |     3 |     4 ||     7
Invok: Berserk           |       |     2 ||     2
Armor: Animal skin       |    35 |    28 ||    63
Dodge: Dodged            |    51 |    38 ||    89

Table legend: (Time is in decaauts)
 A = Elapsed time spent in this place.
 B = Non-inter-level travel time spent in this place.
 C = Inter-level travel time spent in this place.
 D = Time resting spent in this place.
 E = Time spent auto-exploring this place.
 F = Levels seen in this place.
 G = Mean time per level.
                   A        B        C        D        E       F      G
               +--------+--------+--------+--------+--------+-----+--------+
         Total |   2550 |   2519 |     31 |    901 |   1082 |   3 |  850.0 |
       Dungeon |   2550 |   2519 |     31 |    901 |   1082 |   3 |  850.0 |
               +--------+--------+--------+--------+--------+-----+--------+

Top non-repeatable levels by time:
     D:2: 1396 daAuts
     D:1: 869 daAuts
     D:3: 284 daAuts
